 Dungeon Crawl Stone Soup version 0.17-a0-995-gb5fa8d7 (webtiles) character file.

97 wotan the Ruffian (level 4, -1/37 (38) HPs)
             Began as a Ghoul Monk on May 11, 2015.
             Slain by an adder (2 damage)
             ... on level 4 of the Dungeon on May 12, 2015.
             The game lasted 00:10:20 (1990 turns).

wotan the Ruffian (Ghoul Monk)                      Turns: 1990, Time: 00:10:20

HP:   -1/37 (38)    AC:  3    Str: 14    XL:     4   Next: 68%
MP:   3/3           EV:  9    Int:  5    God:
Gold: 131           SH:  7    Dex: 12    Spells: 0 memorised, 3 levels left

rFire  . . .     SeeInvis .       - Unarmed
rCold  + . .     Clarity  .     f - +0 leather armour
rNeg   + + +     SustAb   .     m - +0 shield
rPois  ∞         Gourm    .     (no helmet)
rElec  .         Spirit   .     (no cloak)
rCorr  +         Warding  .     (no gloves)
rMut   .         Stasis   .     (no boots)
MR     .....                    p - amulet of resist corrosion
Stlth  ++........               (no ring)
                                c - ring of flight

@: rotting, not resistant to hostile enchantments, unstealthy
A: rotting body, claws 1, carnivore 3, cold resistance 1, negative energy
resistance 3, slow healing 1, torment resistance, unbreathing
a: Evoke Flight


You were on level 4 of the Dungeon.
You were not hungry.

You visited 1 branch of the dungeon, and saw 4 of its levels.

You collected 131 gold pieces.

Inventory:

Armour
 a - a +0 robe
 f - a +0 leather armour (worn)
 m - a +0 shield (worn)
Jewellery
 c - a ring of flight (left claw)
 p - an amulet of resist corrosion (around neck)
Magical devices
 n - a wand of random effects (40)
 o - a wand of enslavement (12)
Scrolls
 g - a scroll of blinking
 h - a scroll of recharging
Potions
 e - a potion of agility
 j - a potion of brilliance {unknown}
 l - a potion of cancellation
 q - a potion of berserk rage {unknown}
Comestibles
 b - a meat ration
 d - 2 chunks of flesh
 i - a slice of pizza
 k - 2 beef jerkies


   Skills:
 - Level 3.4 Fighting
 - Level 2.8 Dodging
 - Level 2.2 Stealth
 + Level 6.3 Unarmed Combat


You had 3 spell levels left.
You didn't know any spells.

Dungeon Overview and Level Annotations

Branches:
Dungeon (4/15)
 Temple: D:4-7

Altars:
Dithmenos


Innate Abilities, Weirdness & Mutations

Your body is rotting away.
You thrive on raw meat.
You are immune to poison.
You have sharp fingernails.
You are carnivorous and can eat meat at any time.
Your flesh is cold resistant.
You are immune to negative energy.
You heal slowly when monsters are visible.
You are immune to unholy pain and torment.
You can survive without breathing.


Message History

The jackal bites you but does no damage.
You block the adder's attack.
Drink which item? (? for menu, Esc to quit)
Okay, then.
You completely miss the adder.
The adder is heavily wounded.
The jackal barely misses you. The adder barely misses you.
The jackal barely misses you.
You scratch the adder.
The adder begins to bleed from its wounds!
The adder is almost dead.
The adder barely misses you. You block the jackal's attack.
You scratch the adder.
The adder is almost dead.
The adder bites you.
* * * LOW HITPOINT WARNING * * *
The jackal bites you.
* * * LOW HITPOINT WARNING * * *
The adder bites you.
You die...

##+##
##...##
##.....##
##..h....##
#..@S.....#
+........$+
#.........#
##.......##
##.....##
##...##
##+##


You could see an adder (bleeding) and a jackal.

Vanquished Creatures
  3 adders
  2 worms
  2 giant geckos (D:1)
  2 ball pythons
  2 giant cockroaches
  8 goblins
  8 hobgoblins
  8 jackals
  7 kobolds
  7 bats
  4 giant newts
  2 quokkas (D:2)
  4 rats
59 creatures vanquished.

Notes
Turn   | Place    | Note
--------------------------------------------------------------
     0 | D:1      | wotan the Ghoul Monk began the quest for the Orb.
     0 | D:1      | Reached XP level 1. HP: 19/19 MP: 0/0
   134 | D:1      | Reached XP level 2. HP: 24/24 MP: 1/1
   340 | D:1      | Reached skill level 5 in Unarmed Combat
   489 | D:1      | Reached XP level 3. HP: 30/30 MP: 2/2
   815 | D:2      | Found a shadowy altar of Dithmenos.
  1200 | D:2      | Reached XP level 4. HP: 29/38 MP: 3/3
  1560 | D:2      | Reached skill level 6 in Unarmed Combat
  1871 | D:3      | Upgraded the game from 0.17-a0-986-gf45d1aa to 0.17-a0-995-gb5fa8d7
  1912 | D:3      | Noticed an ogre
  1989 | D:4      | HP: 1/37 [jackal (2)]
  1990 | D:4      | Slain by an adder

Vault maps used:
D:1:      dpeg_arrival_rooms_c, kennysheep_boxes
D:2:      grunt_dithmenos_smoke_and_mirrors
D:4:      first_bread

Action                   |  1- 3 |  4- 6 || total
-------------------------+-------+-------++-------
Melee: Unarmed           |   107 |    81 ||   188
  Use: Scroll            |     5 |     2 ||     7
 Stab: Sleeping          |     2 |       ||     2
  Eat: Chunk             |    10 |     1 ||    11
